 Dungeon Crawl Stone Soup version 0.30-a0-422-g946f4849ff (webtiles) character file.

Game seed: 8103990775105330786

1458 pokeman the Thaumaturge (level 8, -1/43 HPs)
             Began as a Deep Elf Hedge Wizard on Dec 8, 2022.
             Was an Initiate of Vehumet.
             Slain by a water moccasin (3 damage)
             ... on level 7 of the Dungeon.
             The game lasted 00:12:43 (6171 turns).

pokeman the Thaumaturge (Deep Elf Hedge Wizard)     Turns: 6171, Time: 00:12:44

Health: -1/43      AC:  6    Str:  7    XL:     8   Next: 47%
Magic:  12/23      EV: 13    Int: 28    God:    Vehumet [......]
Gold:   257        SH:  0    Dex: 14    Spells: 18/26 levels left

rFire   . . .      SeeInvis .    i - +4 dagger (venom)
rCold   . . .      Faith    .    (no shield)
rNeg    + . .      Spirit   .    y - +2 robe {rN+}
rPois   .          Reflect  .    c - +0 hat
rElec   .          Harm     .    r - +0 cloak
rCorr   +          Rampage  .    J - +0 pair of gloves of Sloth {rCorr}
Will    .....                    (no boots)
Stlth   +++.......               o - amulet of regeneration
HPRegen 1.07/turn                l - ring of flight
MPRegen 0.18/turn                C - +6 ring of intelligence

@: mighty, lethally poisoned (-1 -> -3), flying, very slightly contaminated
A: no striking features
a: Renounce Religion


You were on level 7 of the Dungeon.
You worshipped Vehumet.
Vehumet was noncommittal.
You visited 1 branch of the dungeon, and saw 7 of its levels.

You collected 257 gold pieces.

Inventory:

Hand Weapons
 i - a +4 dagger of venom (weapon)
Missiles
 G - a curare-tipped dart
Armour
 c - a +0 hat (worn)
 r - a +0 cloak (worn)
 y - a +2 robe of positive energy (worn)
 J - the +0 pair of gloves of Sloth (worn) {rCorr}
   (You found it on level 6 of the Dungeon)

   rCorr:     It protects you from acid and corrosion.
Magical Staves
 b - a staff of cold
 u - a staff of poison
 v - a staff of death
Jewellery
 l - a ring of flight (left hand)
 o - an amulet of regeneration (around neck)
 C - a +6 ring of intelligence (right hand)
Wands
 w - a wand of flame (21)
Scrolls
 a - 4 scrolls of identify {unknown}
 f - 2 scrolls of magic mapping {unknown}
 h - a scroll of poison {unknown}
 j - 2 scrolls of teleportation {unknown}
 k - a scroll of blinking {unknown}
 n - 3 scrolls of fear {unknown}
 q - a scroll of torment {unknown}
 t - 2 scrolls of noise {unknown}
 D - a scroll of vulnerability {unknown}
 E - a scroll of enchant armour {unknown}
 I - a scroll of immolation {unknown}
 K - 2 scrolls of brand weapon {unknown}
Potions
 d - 2 potions of magic
 e - a potion of heal wounds {unknown}
 g - 2 potions of ambrosia {unknown}
 m - 2 potions of might
 p - 3 potions of brilliance {unknown}
 s - 3 potions of degeneration {unknown}
 x - a potion of invisibility {unknown}
 z - 2 potions of curing {unknown}
 A - a potion of haste {unknown}
 B - a potion of attraction {unknown}
 F - a potion of lignification {unknown}
 H - a potion of mutation {unknown}


   Skills:
 + Level 1.4 Fighting
 - Level 1.0 Armour
 - Level 4.0 Dodging
 - Level 4.0 Stealth
 * Level 9.5 Spellcasting
 + Level 5.9 Conjurations
 - Level 1.1 Summonings
 + Level 2.4 Necromancy
 - Level 1.1 Translocations
 - Level 2.0 Ice Magic
 - Level 1.0 Air Magic
 - Level 2.0 Poison Magic
 - Level 1.1 Evocations


You had 18 spell levels left.
You knew the following spells:

 Your Spells              Type           Power      Damage    Failure   Level
a - Magic Dart            Conj           100%       1d8       1%          1
b - Mephitic Cloud        Conj/Pois/Air  30%        N/A       3%          3
c - Call Imp              Summ           19%        N/A       4%          2
d - Blink                 Tloc           38%        N/A       4%          2

Your spell library contained the following spells:

 Spells                   Type           Power      Damage    Failure   Level
 Cigotuvi's Dreadful Rot  Necr/Pois/Air  46%        N/A       3%          2
 Slow                     Hex            52%        N/A       4%          1


Dungeon Overview and Level Annotations

Branches:
Dungeon (7/15)             Temple (0/1) D:6

Altars:
Gozag
Trog
Vehumet
The Shining One

Shops:
D:1 :   D:7 =


Message History

The killer bee closely misses the water moccasin.
The scorpion stings something.
The water moccasin completely misses you.
The killer bee is engulfed in noxious fumes.
The killer bee appears confused.
You feel sick.
The killer bee dies!
Vehumet accepts your kill.
The scorpion seems less confused.
The killer bee stings the killer bee.
The killer bee is poisoned.
The killer bee poisons the killer bee!
The water moccasin misses you.
The killer bee stings the water moccasin.
The killer bee barely misses itself.
The killer bee stings the centaur! x2
The centaur is poisoned.
The killer bee poisons the centaur!
You feel sick.
The killer bee stings the centaur!
The centaur is killed!
Vehumet accepts your kill.
The killer bee completely misses the scorpion.
Unknown command.
The water moccasin attacks as you move away!
The water moccasin bites you.
You are more poisoned.
The water moccasin poisons you!
You feel very sick. The water moccasin barely misses you.
The killer bee stings the kobold.
The kobold is poisoned.
The killer bee poisons the kobold!
Casting: Mephitic Cloud (dangerous; 3% risk of failure)
Confirm with . or Enter, or press ? or * to list all spells.
A beastly little devil appears in a puff of flame.
You feel sick. The water moccasin bites you.
* * * LOW HITPOINT WARNING * * *
Unknown command.
It was a potion of might.
You feel very mighty all of a sudden.
* * * LOW HITPOINT WARNING * * *
You feel sick.
The killer bee stings the killer bee.
The killer bee is killed!
Vehumet accepts your kill. The water moccasin bites you.
You die...

...#.##..♣...♣....#
.....##.♣..∩..♣# .#
...#...).♣y..♣.# .#
..#.c.#...♣s♣y.##.####
##....##...♣...#.....
..#...######.#K#..#
KK.#.# #.....5# #....#
#####S## K#...# #@#
.....# #.# .....# #.##
.....# #...#
##.######## #...#
..........# #...#
...#..###.#####...#####
#..#..###.#...........#
#.....#................


You could see a water moccasin (ally target), a killer bee (confused), a kobold
(very poisoned) and a friendly crimson imp (summoned).

Vanquished Creatures
  A hornet (D:6)
  Sigmund (D:6)
  An ogre (D:4)
  A centaur (D:7)
  3 phantoms
  A kobold brigand (D:5)
  A necrophage (D:6)
  A killer bee (D:7)
  A howler monkey (D:5)
  An orc priest (D:4)
  2 hounds
  A gnoll bouda (D:6)
  2 iguanas
  An orc wizard (D:4)
  9 gnolls
  6 adders
  An ufetubus (D:5)
  2 worms
  11 orcs
  3 ball pythons
  6 endoplasms
  3 giant cockroaches
  12 goblins
  5 hobgoblins
  11 jackals
  17 kobolds
  7 quokkas
  6 bats
  9 frilled lizards
  5 rats
131 creatures vanquished.

Vanquished Creatures (collateral kills)
  2 killer bees (D:7)
2 creatures vanquished.

Grand Total: 133 creatures vanquished

Notes
Turn   | Place    | Note
-------+----------+-------------------------------------------
     0 | D:1      | pokeman the Deep Elf Hedge Wizard began the quest for the
                  | Orb.
     0 | D:1      | Reached XP level 1. HP: 10/10 MP: 7/7
   315 | D:1      | Reached XP level 2. HP: 16/16 MP: 6/9
   704 | D:1      | Reached skill level 5 in Spellcasting
   757 | D:1      | Found Paarruus's Book Shoppe.
  1177 | D:2      | Reached XP level 3. HP: 20/20 MP: 11/11
  1181 | D:2      | Learned a level 3 spell: Mephitic Cloud
  1184 | D:2      | Learned a level 2 spell: Call Imp
  1187 | D:2      | Learned a level 2 spell: Blink
  1261 | D:2      | Reached skill level 1 in Armour
  1263 | D:2      | Reached skill level 1 in Fighting
  1265 | D:2      | Reached XP level 4. HP: 25/25 MP: 3/13
  2688 | D:3      | Reached skill level 6 in Spellcasting
  2688 | D:3      | Reached XP level 5. HP: 26/29 MP: 8/15
  3195 | D:4      | Noticed an ogre
  3350 | D:4      | Found an opulent altar of Gozag.
  3404 | D:4      | Killed an ogre
  3405 | D:4      | Reached XP level 6. HP: 34/34 MP: 4/17
  3858 | D:4      | Reached skill level 7 in Spellcasting
  3955 | D:4      | Found a bloodstained altar of Trog.
  4213 | D:5      | Entered Level 5 of the Dungeon
  4772 | D:5      | Reached skill level 1 in Evocations
  4772 | D:5      | Reached XP level 7. HP: 21/38 MP: 14/20
  5012 | D:5      | Reached skill level 1 in Necromancy
  5102 | D:5      | Reached skill level 8 in Spellcasting
  5252 | D:6      | Noticed a hornet
  5260 | D:6      | Killed a hornet
  5261 | D:6      | Reached skill level 1 in Ice Magic
  5261 | D:6      | Reached skill level 1 in Poison Magic
  5395 | D:6      | Reached XP level 8. HP: 40/43 MP: 13/22
  5479 | D:6      | Found a glowing golden altar of the Shining One.
  5586 | D:6      | Found a radiant altar of Vehumet.
  5594 | D:6      | Became a worshipper of Vehumet
  5646 | D:6      | Noticed Sigmund
  5666 | D:6      | Killed Sigmund
  5667 | D:6      | Reached skill level 5 in Conjurations
  5694 | D:6      | Reached skill level 9 in Spellcasting
  5779 | D:6      | Found a staircase to the Ecumenical Temple.
  5790 | D:6      | Reached skill level 1 in Air Magic
  5825 | D:6      | Identified the +0 pair of gloves of Sloth {rCorr}
  6151 | D:7      | Found Fel Bocow's Jewellery Shop.
  6171 | D:7      | HP: 2/43 [poisoned by a water moccasin]
  6171 | D:7      | Slain by a water moccasin

Illustrated notes

Levels and vault maps discovered:
D:1:      co_arrival_square_in_a_square_in_a_square, layout_loops_ring,
          serial_shops, nicolae_diamond_shop
D:2:      kennysheep_big_flooded_room, layout_loops_ring
D:3:      layout_basic, kennysheep_generic_room_10
D:4:      layout_cave_pools, mainiacjoe_overflow_cross_hatched,
          grunt_gozag_breadcrumbs
D:5:      layout_gridville
D:6:      layout_cave_pools, fiery_altar_vehumet, nicolae_tso_carved_into_rock,
          minmay_temple_entry_antechambers, uniq_sigmund
D:7:      layout_loops_cross, kennysheep_mini, serial_shops,
          nicolae_diamond_shop, enter_bailey_3, minmay_splitting_lines,
          minmay_misc_feat_plants

Skill      XL: |  1  2  3  4  5  6  7  8 |
---------------+-------------------------+-----
Spellcasting   | 5 6 7 8 9 |  9.5
Armour         | 1 |  1.0
Fighting       | 1 |  1.4
Conjurations   | 2 3 4 5 |  5.9
Dodging        | 3 4 |  4.0
Stealth        | 3 4 |  4.0
Evocations     | 1 |  1.1
Necromancy     | 1 2 |  2.4
Ice Magic      | 2 |  2.0
Poison Magic   | 2 |  2.0
Air Magic      | 1 |  1.0
Summonings     | |  1.1
Translocations | |  1.1

Action                   |  1- 3 |  4- 6 |  7- 9 || total
-------------------------+-------+-------+-------++-------
Melee: Dagger            |    20 |    42 |    27 ||    89
       Punch             |     1 |     1 |     1 ||     3
 Cast: Magic Dart        |    47 |   176 |    49 ||   272
       Mephitic Cloud    |     3 |     6 |    11 ||    20
       Call Imp          |       |     1 |     1 ||     2
  Use: Potion            |       |       |     1 ||     1
 Stab: Confused          |     2 |     3 |     4 ||     9
       Sleeping          |       |     1 |       ||     1
Armor: Robe              |     6 |    11 |     9 ||    26
       Leather armour    |       |    11 |       ||    11
Dodge: Dodged            |    28 |    43 |    32 ||   103

Table legend: (Time is in decaauts)
 A = Elapsed time spent in this place.
 B = Non-inter-level travel time spent in this place.
 C = Inter-level travel time spent in this place.
 D = Time resting spent in this place.
 E = Time spent auto-exploring this place.
 F = Levels seen in this place.
 G = Mean time per level.
                   A        B        C        D        E       F      G
               +--------+--------+--------+--------+--------+-----+--------+
         Total |   6175 |   6078 |     97 |     98 |   5069 |   7 |  882.1 |
       Dungeon |   6175 |   6078 |     97 |     98 |   5069 |   7 |  882.1 |
               +--------+--------+--------+--------+--------+-----+--------+

Top non-repeatable levels by time:
     D:1: 1167 daAuts
     D:2: 1107 daAuts
     D:5: 1036 daAuts
     D:3: 997 daAuts
     D:4: 940 daAuts
     D:6: 835 daAuts
     D:7: 90 daAuts
